 Dungeon Crawl Stone Soup version 0.27-a0-695-gb4952372f7 (webtiles) character file.

Game seed: 18095766723971696596

59 sanka the Cutter (level 3, -2/29 HPs)
             Began as a Vampire Abyssal Knight on Mar 21, 2021.
             Was a Believer of Lugonu.
             Slain by Terence
             ... wielding a +0 morningstar
              (13 damage)
             ... on level 2 of the Dungeon.
             The game lasted 00:02:50 (1439 turns).

sanka the Cutter (Vampire Abyssal Knight)           Turns: 1439, Time: 00:02:50

Health: -2/29      AC:  3    Str: 11    XL:     3   Next: 78%
Magic:  4/4        EV: 12    Int: 14    God:    Lugonu [**....]
Gold:   88         SH:  0    Dex: 14    Spells: 2/2 levels left

rFire    . . .     SeeInvis +   a - +1 short sword
rCold    . . .     Faith    .   (no shield)
rNeg     . . .     Spirit   .   b - +0 leather armour
rPois    .         Reflect  .   (no helmet)
rElec    .         Harm     .   (no cloak)
rCorr    .         Rampage  .   (no gloves)
Will     .....                  (no boots)
Stlth    +.........             (no amulet)
HPRegen  0.29/turn              (no ring)
MPRegen  0.09/turn              (no ring)

@: regenerating quickly
A: alive, fangs 3, see invisible, unbreathing 1, vampiric 2
a: Exsanguinate, Renounce Religion, Depart the Abyss, Bend Space


You were on level 2 of the Dungeon.
You worshipped Lugonu.
Lugonu was pleased with you.
You visited 1 branch of the dungeon, and saw 2 of its levels.
You visited the Abyss 1 time.

You collected 88 gold pieces.


Innate Abilities, Weirdness & Mutations

Your natural rate of healing is unusually fast.
You have razor-sharp teeth.
You have supernaturally acute eyesight. (SInv)
You can survive without breathing.
You are afflicted with vampirism and can become a bat while bloodless.


   Skills:
 - Level 3.0 Fighting
 * Level 4.2 Short Blades
 - Level 0.7 Armour
 - Level 2.1 Dodging
 + Level 1.8 Invocations


You had 2 spell levels left.
You didn't know any spells.
Your spell library contained the following spells:

 Spells                   Type           Power      Damage    Failure   Level
 Animate Skeleton         Necr           0%         N/A       36%         1
 Apportation              Tloc           0%         N/A       36%         1
 Corona                   Hex            0%         N/A       36%         1
 Summon Small Mammal      Summ           0%         N/A       36%         1

Inventory:

Hand Weapons
 a - a +1 short sword (weapon)
Missiles
 e - 16 poisoned darts
 f - 2 javelins
Armour
 b - a +0 leather armour (worn)
Scrolls
 c - a scroll of vulnerability {unknown}
 d - a scroll of enchant weapon {unknown}
Potions
 g - a potion of mutation {unknown}
 h - a potion of curing {unknown}

Dungeon Overview and Level Annotations

Branches:
Dungeon (2/15)

Altars:

Annotations:
D:2 Terence

▒...▒▒▒▒▒.......>
................ ▒▒▒▒▒▒
▒.......▒...... ▒.....▒
▒▒▒▒...▒▒.▒▒▒▒▒
.......▒▒▒▒▒▒...▒▒..▒ ▒
......l.▒.....▒....▒▒ ▒
.........@▒▒▒▒▒.▒...▒▒▒
........▒▒▒▒▒▒▒.▒.▒...▒▒
........V@.▒▒.....▒▒▒..▒▒
........▒▒..▒.#.▒▒▒ ▒▒...
........▒▒▒.....▒▒▒▒▒▒▒▒.
.......▒▒ ▒▒▒▒....>..▒...
▒.....▒ ▒▒.▒▒▒▒.....
..▒▒▒▒▒▒▒▒▒▒▒▒▒.▒▒......▒
...▒▒▒▒..)...........▒.▒▒▒
........▒▒▒▒▒▒▒▒...▒▒▒....
...▒▒▒........▒▒..▒▒ ▒▒▒▒.


You could see Terence and a leopard gecko.


Message History

The quokka bites you.
You hit the quokka.
You kill the quokka!
Lugonu accepts your kill. Terence hits you with a +0 morningstar!
* * * LOW HITPOINT WARNING * * *
Unknown command.
Really walk into that dispersal trap?
You enter a dispersal trap!
Terence blinks!
You blink.
Unknown command.
There is a stone staircase leading down here.
Terence says, "How do you enjoy it?"
You see here 4 gold pieces.
Terence hits you with a +0 morningstar! Terence hits you with a +0 morningstar!
* * * LOW HITPOINT WARNING * * *
There is a stone staircase leading down here.
There is a stone staircase leading down here.
Terence asks, "Do you want it fast or slow?"
Really walk into that dispersal trap?
You enter a dispersal trap!
Terence blinks!
You blink.
Unknown command.
A leopard gecko comes into view.
The leopard gecko hisses angrily.
Terence hits you with a +0 morningstar!
You die...

Action                   || total
-------------------------++-------
Melee: Short sword       ||   130
       Bite              ||     8
 Stab: Sleeping          ||     1
Armor: Leather armour    ||    49
Dodge: Dodged            ||    87

Levels and vault maps discovered:
D:1:      lightli_arrival_maybe_door_vault, layout_loops_ring,
          minmay_curled_crystal
D:2:      layout_rooms, grunt_temple_overflow_gold_and_silver,
          fiery_altar_vehumet, uniq_terence

Notes
Turn   | Place    | Note
-------+----------+-------------------------------------------
     0 | Abyss:1  | sanka the Vampire Abyssal Knight began the quest for the
                  | Orb.
     0 | Abyss:1  | Reached XP level 1. HP: 17/17 MP: 2/2
    70 | Abyss:1  | Found a corrupted altar of Lugonu.
   136 | D:1      | Escaped the Abyss
   371 | D:1      | Reached skill level 3 in Fighting
   371 | D:1      | Reached XP level 2. HP: 17/24 MP: 3/3
   471 | D:1      | Reached skill level 3 in Short Blades
   519 | D:1      | Reached ** piety under Lugonu
   577 | D:1      | Gained mutation: You are afflicted with vampirism and can
                  | become a bat while bloodless. [Vampire growth]
   577 | D:1      | Reached XP level 3. HP: 25/29 MP: 4/4
  1211 | D:2      | Reached skill level 4 in Short Blades
  1309 | D:2      | Noticed Terence
  1439 | D:2      | Slain by Terence

Vanquished Creatures
  An adder (D:2)
  An ooze (D:1)
  A dart slug (D:1)
  2 leopard geckos (D:1)
  6 bats
  3 giant cockroaches
  2 goblins (D:1)
  5 hobgoblins
  5 jackals (D:1)
  4 quokkas
  A ball python (D:2)
  A kobold (D:1)
  4 rats (D:1)
36 creatures vanquished.
